 Dungeon Crawl Stone Soup version 0.17.2 (webtiles) character file.

86 Charly the Insei (level 4, -3/21 HPs)
             Began as a Vine Stalker Transmuter on May 26, 2016.
             Killed by divine providence
             ... invoked by an orc priest
              (13 damage)
             ... on level 4 of the Dungeon.
             The game lasted 00:06:32 (453 turns).

Charly the Insei (Vine Stalker Transmuter)           Turns: 453, Time: 00:06:32

Health: -3/21      AC:  2    Str: 18    XL:     4   Next: 50%
Magic:  0/8        EV: 19    Int: 14    God:
Gold:   4          SH:  0    Dex: 19    Spells: 3 memorised, 1 level left

rFire  . . .     SeeInvis .       - Unarmed
rCold  . . .     Clarity  .     (armour currently unavailable)
rNeg   . . .     SustAt   .     (shield currently unavailable)
rPois  x         Gourm    .     (helmet currently unavailable)
rElec  .         Spirit   +     (cloak currently unavailable)
rCorr  .         Warding  .     (gloves currently unavailable)
rMut   .         Stasis   .     (boots currently unavailable)
MR     .....                    (no amulet)
Stlth  ++........               (no ring)
                                (no ring)

@: mighty, spider-form (expiring), very slightly contaminated, hasted, very
quick, not resistant to hostile enchantments, unstealthy
A: (fangs 0), regeneration 1, magic shield, (antimagic bite), no device heal 3,
rot immunity
a: End Transformation


You were on level 4 of the Dungeon.
You were not hungry.
You were a venomous arachnid creature.
You visited 1 branch of the dungeon, and saw 4 of its levels.

You collected 4 gold pieces.

Inventory:

Hand Weapons
 i - a +0 blowgun
Missiles
 a - 11 arrows
 j - 9 poisoned needles
Armour
 b - a +0 robe (melded)
Scrolls
 g - a scroll of remove curse {unknown}
Potions
 e - a potion of might
 k - a potion of heal wounds {unknown}
Books
 c - a book of Changes

   Spells                             Type                      Level
   a - Beastly Appendage              Transmutation                1
   b - Sticks to Snakes               Transmutation                2
   c - Spider Form                    Transmutation/Poison         3
   d - Ice Form                       Ice/Transmutation            4
   e - Blade Hands                    Transmutation                5
Comestibles
 d - a bread ration


   Skills:
 - Level 0.8 Fighting
 - Level 1.5 Dodging
 + Level 4.5 Unarmed Combat
 - Level 2.1 Spellcasting
 - Level 3.0 Transmutations


You had one spell level left.
You knew the following spells:

 Your Spells              Type           Power        Failure   Level  Hunger
b - Beastly Appendage     Trmt           ##....       24%         1    #......
s - Sticks to Snakes      Trmt           ##........   28%         2    ###....
S - Spider Form           Trmt/Pois      #.........   61%         3    ###....


Dungeon Overview and Level Annotations

Branches:
Dungeon (4/15)
 Temple: D:4-7

Altars:
Zin

Annotations:
D:3 DEFE's ghost, weakling DEFi
D:4 Grinder


Innate Abilities, Weirdness & Mutations

((You have extremely sharp teeth.))
Your natural rate of healing is unusually fast.
When hurt, damage is shared between your health and your magic reserves.
((Your bite disrupts and absorbs the magic of your enemies.))
Potions and wands cannot restore your health.
You are immune to rotting.


Message History

You kill the orc!
Unknown command.
Casting: Spider Form
Confirm with . or Enter, or press ? or * to list all spells.
You turn into a venomous arachnid creature.
Your +0 robe melds into your body.
Unknown command.
You hit the orc.
The orc is poisoned.
The orc is heavily wounded.
The orc completely misses you.
An orc comes into view. It is wielding a whip.
You bite the orc!
You kill the orc!
Grinder gestures at you. You resist with significant effort.
Your transformation is almost over.
The orc priest calls down the wrath of Beogh upon you.
Something smites you!
Ouch! That really hurt!
You die...

######### #. ..#.
.$......# . ...
........# .#..#
........####### ?...# #
..............###..(#.##
# #........# ........
####....†...#####oo.###.
##.........)'...s5>...#?
.#..........######..#.#.
............# #......
.#..........#
.......###.#
............#
#.#...<...#
....#+##+####
.##.#.##...# .........
....... .# ....#[### #..
.#... ##..#.# #..
#....#5


You could see Grinder, an orc priest and an orc.

Vanquished Creatures
  A hound (D:4)
  An adder (D:3)
  2 oozes
  A giant gecko (D:2)
  6 orcs
  A giant cockroach (D:3)
  7 hobgoblins
  4 bats
  5 goblins
  4 kobolds
  2 rats (D:2)
34 creatures vanquished.

Vanquished Creatures (collateral kills)
  An orc (D:3)
  A ball python (D:3)
2 creatures vanquished.

Grand Total: 36 creatures vanquished

Notes
Turn   | Place    | Note
--------------------------------------------------------------
     0 | D:1      | Charly the Vine Stalker Transmuter began the quest for the Orb.
     0 | D:1      | Reached XP level 1. HP: 9/9 MP: 4/4
   151 | D:2      | Reached XP level 2. HP: 10/14 MP: 6/6
   178 | D:2      | Learned a level 2 spell: Sticks to Snakes
   214 | D:4      | Noticed Grinder
   244 | D:3      | Reached XP level 3. HP: 7/17 MP: 4/7
   332 | D:3      | Noticed DEFE's ghost (weakling DEFi)
   360 | D:3      | Learned a level 3 spell: Spider Form
   369 | D:3      | Found a glowing silver altar of Zin.
   421 | D:4      | Reached skill level 4 in Unarmed Combat
   421 | D:4      | Reached XP level 4. HP: 21/21 MP: 1/8
   453 | D:4      | Killed from afar by an orc priest

Action                   |  1- 3 |  4- 6 || total
-------------------------+-------+-------++-------
Melee: Unarmed           |    98 |    10 ||   108
 Cast: Sticks to Snakes  |     1 |       ||     1
       Spider Form       |     1 |     1 ||     2
  Use: Scroll            |       |     2 ||     2
       Potion            |       |     2 ||     2
 Stab: Sleeping          |     2 |       ||     2
  Eat: Pizza             |     1 |       ||     1
